 Dungeon Crawl Stone Soup version 0.27-a0-1191-g601b473118 (webtiles) character file.

Game seed: 14518691372760551267

51 wakim the Digger (level 3, -6/19 HPs)
             Began as a Gargoyle Earth Elementalist on May 23, 2021.
             Mangled by Sigmund
             ... wielding a +0 scythe
              (8 damage)
             ... on level 2 of the Dungeon.
             The game lasted 00:04:10 (1678 turns).

wakim the Digger (Gargoyle Earth Elementalist)      Turns: 1678, Time: 00:04:11

Health: -6/19      AC:  6    Str: 11    XL:     3   Next: 83%
Magic:  4/6        EV: 11    Int: 16    God:
Gold:   47         SH:  0    Dex: 10    Spells: 3/7 levels left

rFire    . . .     SeeInvis .   b - +1 dagger (venom)
rCold    . . .     Faith    .   (no shield)
rNeg     + . .     Spirit   .   c - +0 robe
rPois    ∞         Reflect  .   d - +0 helmet
rElec    +         Harm     .   (no cloak)
rCorr    .         Rampage  .   (no gloves)
Will     .....                  (no boots)
Stlth    ++........             (no amulet)
HPRegen  0.06/turn              (no ring)
MPRegen  0.10/turn              (no ring)

@: no status effects
A: sickness immunity, AC +3, negative energy resistance 1, electricity
resistance, torment resistance 1, petrification resistance
a: no special abilities


You were on level 2 of the Dungeon.
You visited 1 branch of the dungeon, and saw 2 of its levels.

You collected 47 gold pieces.

Inventory:

Hand Weapons
 a - a +0 whip
 b - a +1 dagger of venom (weapon)
Missiles
 e - 11 poisoned darts
 s - 3 stones
Armour
 c - a +0 robe (worn)
 d - a +0 helmet (worn)
Jewellery
 h - an amulet of the acrobat
Scrolls
 g - a scroll of teleportation {unknown}
 R - a scroll of magic mapping {!r}
Potions
 f - a potion of lignification {unknown}
 N - a potion of might


   Skills:
 - Level 1.5 Dodging
 - Level 2.1 Stealth
 + Level 2.6 Spellcasting
 - Level 0.7 Transmutations
 * Level 5.1 Earth Magic


You had 3 spell levels left.
You knew the following spells:

 Your Spells              Type           Power      Damage    Failure   Level
a - Sandblast             Erth           36%        2d10      2%          1
x - Stone Arrow           Conj/Erth      20%        3d8       21%         3

Your spell library contained the following spells:

 Spells                   Type           Power      Damage    Failure   Level
 Passwall                 Tmut/Erth      9%         N/A       9%          2
 Foxfire                  Conj/Fire      8%         2x1d4     21%         1
 Petrify                  Tmut/Erth      11%        N/A       52%         4
 Lee's Rapid Deconstruct  Erth           9%         3d8*      54%         5
 Iskenderun's Mystic Bla  Conj/Tloc      2%         2d3       89%         4
 Passage of Golubria      Tloc           N/A        N/A       89%         4
 Sticky Flame             Conj/Fire      2%         2d3       89%         4
 Malign Gateway           Summ/Tloc      1%         N/A       100%        7


Dungeon Overview and Level Annotations

Branches:
Dungeon (2/15)

Altars:

Annotations:
D:2 Sigmund


Innate Abilities, Weirdness & Mutations

You are immune to sickness and miasma.
Your stone body is resilient. (AC +3)
You are immune to poison.
You resist negative energy. (rN+)
You are resistant to electric shocks. (rElec)
You are resistant to unholy torment.
You are immune to petrification.


Message History

You kill the adder!
Your Earth Magic skill increases to level 5!
You see here an adder corpse.
Found 13 gold pieces.
You now have 47 gold pieces (gained 13).
A kobold comes into view. It is wielding a +0 short sword.
The kobold shouts!
The blast of sand hits the kobold!
You kill the kobold!
You see here a +0 short sword.
R - a scroll of magic mapping {!r} Sigmund the Dreaded comes into view.
He is wielding a +0 scythe.
Sigmund shouts!
You can't see any susceptible monsters within range! (Use Z to cast anyway.) Sigmund says, "Look into my eyes."
The blast of sand hits Sigmund but does no damage.
Sigmund casts a spell at you.
The magic dart hits you but does no damage.
The blast of sand hits Sigmund!
Sigmund is moderately wounded.
A kobold comes into view. It is wielding a +0 dagger.
Sigmund hits you from afar with a +0 scythe!
The kobold moves out of view.
Sigmund gestures at you while chanting. The puff of flame misses you.
You barely miss Sigmund.
Sigmund is moderately wounded.
Sigmund screams, "Die, monster!"
Sigmund hits you but does no damage.
You hit Sigmund.
Sigmund is poisoned.
Sigmund is heavily wounded.
Sigmund barely misses you.
You barely miss Sigmund.
Sigmund is heavily wounded.
Sigmund hits you with a +0 scythe!
Ouch! That really hurt!
* * * LOW HITPOINT WARNING * * *
Sigmund laughs darkly.
Sigmund hits you from afar with a +0 scythe!
You die...

#)....###.#.#.#.#
#.##### ###.....#
#.....# #.#.#.#
#.....# #.....#
#.#.#.# #.....#
#...@.#
#.....#...#
#####...@.#
###....# ##.#.#
#.#.. #..##. ##.
.# #


K You could see Sigmund (very poisoned).

Vanquished Creatures
  An adder (D:2)
  2 dart slugs (D:1)
  4 endoplasms
  A giant cockroach (D:1)
  3 goblins
  5 hobgoblins (D:1)
  5 kobolds
  3 quokkas
  6 bats
  2 frilled lizards (D:1)
  3 rats (D:1)
35 creatures vanquished.

Notes
Turn   | Place    | Note
-------+----------+-------------------------------------------
     0 | D:1      | wakim the Gargoyle Earth Elementalist began the quest for
                  | the Orb.
     0 | D:1      | Reached XP level 1. HP: 10/10 MP: 3/3
   147 | D:1      | Reached skill level 4 in Earth Magic
   182 | D:1      | Reached XP level 2. HP: 9/15 MP: 0/5
   761 | D:1      | Reached XP level 3. HP: 7/19 MP: 4/6
  1402 | D:1      | Found a faded altar of an unknown god.
  1408 | D:1      | Identified the Incunabulum of the Traveller and Heat
  1414 | D:1      | Learned a level 3 spell: Stone Arrow
  1598 | D:2      | Reached skill level 5 in Earth Magic
  1669 | D:2      | Noticed Sigmund
  1678 | D:2      | Mangled by Sigmund

Illustrated notes

Levels and vault maps discovered:
D:1:      minmay_arrival_arboretum_small, layout_basic,
          shapermc_ecumenical_altar_totnotflames, chequers_jeans
D:2:      layout_rooms, basic_altar, columned_hall_lemuel, uniq_sigmund,
          uniq_natasha

Skill      XL: |  1  2  3 |
---------------+----------+-----
Earth Magic    | 4 5 |  5.1
Dodging        | |  1.5
Stealth        | |  2.1
Spellcasting   | |  2.6
Transmutations | |  0.7

Action                   || total
-------------------------++-------
Melee: Unarmed           ||    23
       Whip              ||    44
       Dagger            ||    10
 Cast: Sandblast         ||    29
  Use: Scroll            ||     3
 Stab: Sleeping          ||     1
Armor: Robe              ||    33
Dodge: Dodged            ||    54

Table legend: (Time is in decaauts)
 A = Elapsed time spent in this place.
 B = Non-inter-level travel time spent in this place.
 C = Inter-level travel time spent in this place.
 D = Time resting spent in this place.
 E = Time spent auto-exploring this place.
 F = Levels seen in this place.
 G = Mean time per level.
                   A        B        C        D        E       F      G
               +--------+--------+--------+--------+--------+-----+--------+
         Total |   1681 |   1655 |     26 |      0 |   1324 |   2 |  840.5 |
       Dungeon |   1681 |   1655 |     26 |      0 |   1324 |   2 |  840.5 |
               +--------+--------+--------+--------+--------+-----+--------+

Top non-repeatable levels by time:
     D:1: 1524 daAuts
     D:2: 156 daAuts
